 Dungeon Crawl Stone Soup version 0.28.0-45-g0d030f2227 (console) character file.

Game seed: 5310401001469639791

83 Zeor the Twirler (level 4, -3/55 HPs)
             Began as a Minotaur Gladiator on Apr 5, 2022.
             Slain by a gnoll
             ... wielding a +0 spear
              (7 damage)
             ... on level 2 of the Dungeon.
             The game lasted 00:03:01 (1305 turns).

Zeor the Twirler (Minotaur Gladiator)               Turns: 1305, Time: 00:03:01

Health: -3/55      AC: 22    Str: 20    XL:     4   Next: 22%
Magic:  3/3        EV:  2    Int:  5    God:
Gold:   60         SH:  0    Dex: 18    Spells: 3/3 levels left

rFire   . . .      SeeInvis .   a - +0 quarterstaff
rCold   . . .      Faith    .   (shield currently unavailable)
rNeg    . . .      Spirit   .   (armour currently unavailable)
rPois   +          Reflect  .   (helmet currently unavailable)
rElec   .          Harm     .   (cloak currently unavailable)
rCorr   .          Rampage  .   (gloves currently unavailable)
Will    .....      NoTele   +   (boots currently unavailable)
Stlth   ++........              (no amulet)
HPRegen 0.18/turn               i - +6 ring of dexterity
MPRegen 0.08/turn               (no ring)

@: brilliant, tree-form, held
A: stationary, stasis, torment immunity, boosted hp, (horns 2), (retaliatory
headbutt)
a: no special abilities


You were on level 2 of the Dungeon.
You were a tree.
You visited 1 branch of the dungeon, and saw 2 of its levels.

You collected 60 gold pieces.

Inventory:

Hand Weapons
 a - a +0 quarterstaff (weapon)
 j - a +0 hunting sling
Missiles
 d - 3 throwing nets (quivered)
 g - 17 bolts
Armour
 b - a +0 leather armour (melded)
 c - a +0 hat (melded)
Jewellery
 i - a +6 ring of dexterity (left branch)
Potions
 h - 2 potions of attraction


   Skills:
 + Level 2.8 Fighting
 * Level 5.1 Staves
 + Level 2.2 Throwing
 * Level 1.7 Armour
 + Level 3.5 Dodging


You had 3 spell levels left.
You didn't know any spells.
Your spell library was empty.

Dungeon Overview and Level Annotations

Branches:
Dungeon (2/15)

Altars:


Innate Abilities, Weirdness & Mutations

You are a tree.
Your roots penetrate the ground, keeping you stationary.
You cannot be teleported.
You are immune to unholy pain and torment.
Your maximum health is greatly increased.
Your equipment is partially melded.
((You have a pair of horns on your head.))
((You reflexively headbutt those who attack you in melee.))


Message History

You have reached level 4!
You feel agile.
A gnoll comes into view. It is wielding a +0 halberd.
The gnoll shouts!
You sock the gnoll! You headbutt the gnoll.
You kill the gnoll!
You hear a shout!
You closely miss the gnoll. The gnoll hits you with a +0 flail!
You hit the gnoll but do no damage. The gnoll closely misses you.
You hit the gnoll.
The gnoll is lightly wounded.
The gnoll hits you with a +0 flail.
You barely miss the gnoll.
The gnoll is lightly wounded.
The gnoll barely misses you.
The gnoll hits you from afar with a +0 spear.
It was a potion of brilliance.
You feel clever all of a sudden. The gnoll hits you with a +0 flail!
* * * LOW HITPOINT WARNING * * *
The gnoll hits you from afar with a +0 spear.
* * * LOW HITPOINT WARNING * * *
It was a potion of lignification.
You turn into a tree.
Your +0 hat melds into your body.
Your +0 leather armour melds into your body.
Your roots penetrate the ground.
The gnoll hits you but does no damage. x2
You hit the gnoll.
The gnoll is lightly wounded.
The gnoll hits you but does no damage.
The gnoll hits you from afar with a +0 spear.
* * * LOW HITPOINT WARNING * * *
You hit the gnoll.
The gnoll is moderately wounded.
The gnoll hits you but does no damage.
The gnoll throws a throwing net.
The throwing net hits you.
You become entangled in the net!
The gnoll hits you but does no damage.
You struggle against the net.
The gnoll hits you with a +0 flail.
* * * LOW HITPOINT WARNING * * *
The gnoll hits you from afar with a +0 spear!
You die... ∙∙∙∙∙∙▒ ▒ ▒∙∙ ∙∙▒ ▒▒ ▒∙▒∙∙∙∙∙ ∙∙ ∙∙∙ ▒∙▒∙∙∙∙ ▒∙∙∙▒▒∙∙∙∙∙∙ ∙∙∙∙▒∙▒∙▒'▒▒▒∙∙∙▒▒∙∙∙∙∙∙ ∙∙∙∙∙<∙∙∙∙∙▒▒∙∙∙▒▒∙∙∙∙∙∙ (∙∙∙∙∙∙∙∙∙g∙∙∙∙∙∙∙∙∙∙∙∙∙

▒♣▒∙∙▒▒∙∙∙∙∙▒▒∙∙▒▒
∙∙▒▒▒▒g▒∙∙∙▒∙∙∙∙∙▒▒∙∙∙∙
∙∙∙∙∙∙∙gg∙▒∙▒▒∙∙∙∙∙∙∙∙▒∙
∙∙∙∙∙∙∙∙∙)∙∙∙∙∙∙∙∙∙∙∙∙▒∙
∙∙∙∙∙∙∙∙∙∙∙∙∙▒▒'▒▒∙∙∙∙▒∙
∙∙∙▒▒▒▒∙∙∙∙∙∙∙▒∙▒▒▒▒∙∙▒∙
▒▒ ▒▒∙∙∙∙▒∙▒∙▒ ▒∙∙))
▒∙∙∙∙▒∙▒∙▒ ▒∙▒▒∙
∙∙∙∙∙∙▒∙∙∙▒▒▒▒∙∙∙∙


You could see 3 gnolls and a goblin.

Vanquished Creatures
  Robin (D:2)
  A gnoll (D:2)
  2 adders (D:2)
  A ball python (D:1)
  3 bats (D:1)
  3 endoplasms
  A giant cockroach (D:1)
  17 goblins
  6 hobgoblins
  A kobold (D:2)
  A frilled lizard (D:1)
  2 rats (D:1)
39 creatures vanquished.

Notes
Turn   | Place    | Note
-------+----------+-------------------------------------------
     0 | D:1      | Zeor the Minotaur Gladiator began the quest for the Orb.
     0 | D:1      | Reached XP level 1. HP: 18/18 MP: 0/0
   232 | D:1      | Reached skill level 1 in Armour
   232 | D:1      | Reached XP level 2. HP: 25/25 MP: 1/1
   347 | D:1      | Reached skill level 4 in Staves
   936 | D:2      | Reached XP level 3. HP: 17/30 MP: 2/2
  1228 | D:2      | Noticed Robin
  1236 | D:2      | Killed Robin
  1295 | D:2      | Reached skill level 5 in Staves
  1295 | D:2      | Reached XP level 4. HP: 35/37 MP: 3/3
  1305 | D:2      | Slain by a gnoll

Illustrated notes

Levels and vault maps discovered:
D:1:      dpeg_arrival_windows_large_door, layout_loops_ring
D:2:      layout_basic, chequers_avenue, uniq_robin

Skill      XL: |  1  2  3 |
---------------+----------+-----
Armour         | 1 |  1.7
Staves         | 4 5 |  5.1
Fighting       | |  2.8
Throwing       | |  2.2
Dodging        | |  3.5

Action                   |  1- 3 |  4- 6 || total
-------------------------+-------+-------++-------
Melee: Quarterstaff      |    74 |     7 ||    81
       Headbutt          |     9 |     1 ||    10
  Use: Scroll            |     2 |       ||     2
       Potion            |       |     2 ||     2
Armor: Leather armour    |    15 |       ||    15
       Skin              |       |     5 ||     5
Dodge: Dodged            |    37 |     2 ||    39
